 Dungeon Crawl Stone Soup version 0.17-a0-963-gaa5423c (webtiles) character file.

1961 Woebin the Shield-Bearer (level 9, -2/112 HPs)
             Began as a Minotaur Fighter on May 8, 2015.
             Killed by divine providence
             ... invoked by an orc priest
              (14 damage)
             ... on level 7 of the Dungeon.
             The game lasted 00:21:47 (4727 turns).

Woebin the Shield-Bearer (Minotaur Fighter)         Turns: 4727, Time: 00:21:50

Health: -2/112     AC: 24    Str: 32      XL:     9   Next: 0%
Magic:  2/2        EV:  2    Int: 14 (16) God:
Gold:   327        SH: 12    Dex:  9      Spells: 0 memorised, 8 levels left

rFire  . . .     SeeInvis .     a - +8 whip of Inquiry {antimagic, rC- Str+2 Int+3}
rCold  x . .     Clarity  .     (armour currently unavailable)
rNeg   + + +     SustAb   .     c - +0 shield
rPois  +         Gourm    .     (helmet currently unavailable)
rElec  .         Spirit   .     (cloak currently unavailable)
rCorr  .         Warding  .     (gloves currently unavailable)
rMut   .         NoTele   +     (boots currently unavailable)
MR     .....                    (no amulet)
Stlth  +.........               s - +2 ring of evasion
                                i - +3 ring of intelligence

@: mighty, brilliant, tree-form, not resistant to hostile enchantments, very
unstealthy
A: (retaliatory headbutt), (horns 0)
a: no special abilities


You were on level 7 of the Dungeon.
You were hungry.
You were a tree.
You visited 1 branch of the dungeon, and saw 7 of its levels.

You collected 327 gold pieces.

Inventory:

Hand weapons
 a - the +8 whip of Inquiry (weapon) {antimagic, rC- Str+2 Int+3}
   (You found it on level 4 of the Dungeon)

   It disrupts the flow of magical energy around spellcasters and certain
   magical creatures (including the wielder).
   It affects your strength (+2).
   It affects your intelligence (+3).
   It makes you vulnerable to cold.
 b - the +6 hunting sling of the Eternal Warrior {flame, Int+4}
   (You found it on level 4 of the Dungeon)

   It causes projectiles fired from it to burn those they strike, causing extra
   injury to most foes and up to half again as much damage against particularly
   susceptible opponents.
   It affects your intelligence (+4).
 x - a +0 flail
Missiles
 g - 3 curare-tipped needles
 j - a tomahawk
 n - 2 javelins
 C - 8 silver tomahawks (quivered)
 E - 6 stones
Armour
 c - a +0 shield (worn)
 w - a +0 pair of gloves (melded)
 z - a +0 scale mail
 B - a +2 hat (melded)
 F - the +3 scale mail of the Doge (melded) {+Inv Str+3 Dex-3}
   (You found it on level 5 of the Dungeon)

   It affects your strength (+3).
   It affects your dexterity (-3).
   It lets you turn invisible.
Jewellery
 i - a +3 ring of intelligence (left branch)
 s - a +2 ring of evasion (right branch)
 M - an uncursed ring of protection from magic {unknown}
Magical devices
 G - a wand of cold (6)
Scrolls
 f - 4 scrolls of teleportation {unknown}
 k - 2 scrolls of remove curse
 p - 2 scrolls of noise {unknown}
 y - 2 scrolls of immolation {unknown}
 A - 2 scrolls of blinking {unknown}
 H - a scroll of recharging
 J - 2 scrolls of identify {unknown}
 K - a scroll of enchant weapon {unknown}
Potions
 d - a potion of might
 m - a potion of degeneration
 o - a potion of brilliance
 q - a potion of cancellation {unknown}
 r - 2 potions of curing
 t - a potion of agility
 I - a potion of mutation {unknown}
 L - a potion of poison {unknown}
Books
 D - a Grand Grimoire {highlevel, unknown}

   This book is beyond your current level of understanding.

   Spells                             Type                      Level
   a - Monstrous Menagerie            Summoning                    6
   b - Summon Greater Demon           Summoning                    7
   c - Malign Gateway                 Summoning/Translocation      7
   d - Summon Horrible Things         Summoning                    8
Comestibles
 e - 6 bread rations
 h - 6 meat rations
 l - 2 beef jerkies
 u - a slice of pizza
 N - 3 chunks of flesh
 O - 5 fruits


   Skills:
 + Level 5.9 Fighting
 + Level 6.2 Maces & Flails
 + Level 1.5(2.4) Slings
 + Level 2.5(2.7) Throwing
 + Level 7.6 Armour
 + Level 5.0 Dodging
 + Level 0.5 Stealth
 + Level 7.7 Shields


You had 8 spell levels left.
You didn't know any spells.

Dungeon Overview and Level Annotations

Branches:
Dungeon (7/15)
 Temple: D:4-7

Altars:
Ashenzari
Cheibriados
Dithmenos
Elyvilon

Shops:
D:5 [


Innate Abilities, Weirdness & Mutations

((You reflexively headbutt those who attack you in melee.))
((You have a pair of horns on your head.))


Message History

It was a potion of brilliance.
You feel clever all of a sudden. You block the gnoll's attack.
Drink which item? (? for menu, Esc to quit)
It was a potion of degeneration.
There was something very wrong with that liquid.
You feel dopey.
The orc wizard casts a spell.
The orc wizard flickers and vanishes!
Deactivating autopickup; reactivate with Ctrl-A.
The gnoll barely misses you. You furiously retaliate!
You headbutt the gnoll!
Drink which item? (? for menu, Esc to quit)
It was a potion of lignification.
You turn into a tree.
Your +2 hat melds into your body.
Your +0 pair of gloves melds into your body.
The +3 scale mail of the Doge {+Inv Str+3 Dex-3} melds into your body.
Your roots penetrate the ground.
The orc priest calls down the wrath of Beogh upon you.
Something smites you!
You die...

...# ....
...# ####
...#
..#....+
#.#....#.
#<.!.....
#)#.#####
#♣# # #g#
#b#


lg# ..{o ?.... ....... ###..##. #.. .# You could see an iguana, an orc priest, 2
gnolls and a bat.

Vanquished Creatures
  An orc warrior (D:7)
  2 ogres (D:6)
  3 centaurs (D:5)
  A sky beast (D:5)
  2 giant frogs (D:6)
  3 scorpions
  3 wights (D:6)
  2 crimson imps (D:5)
  A centaur zombie (D:6)
  2 orc priests
  2 jellies
  A centaur skeleton (D:6)
  2 gnoll shamans
  4 iguanas
  3 orc wizards
  2 giant frog skeletons (D:5)
  3 worker ants
  2 killer bee zombies
  A hound skeleton (D:6)
  A hound zombie (D:3)
  7 gnolls
  6 adders
  2 shadow imps (D:5)
  An adder zombie (D:5)
  6 worms
  4 giant geckos
  8 orcs
  A ball python (D:5)
  14 bats
  A bat skeleton (D:5)
  3 giant cockroaches
  12 goblins
  13 hobgoblins
  6 giant newts
  A giant spore (D:7)
  13 jackals
  10 kobolds
  A quokka (D:5)
  A quokka skeleton (D:6)
  11 rats
162 creatures vanquished.

Vanquished Creatures (others)
  A gnoll (D:7)
  An orc (D:7)
2 creatures vanquished.

Grand Total: 164 creatures vanquished

Notes
Turn   | Place    | Note
--------------------------------------------------------------
     0 | D:1      | Woebin, the Minotaur Fighter, began the quest for the Orb.
     0 | D:1      | Reached XP level 1. HP: 19/19 MP: 0/0
   384 | D:1      | Reached skill level 4 in Armour
   387 | D:1      | Reached XP level 2. HP: 27/27 MP: 1/1
   431 | D:1      | You fall through a shaft!
   697 | D:1      | Reached XP level 3. HP: 33/33 MP: 2/2
  1201 | D:2      | Reached skill level 1 in Dodging
  1201 | D:2      | Reached XP level 4. HP: 32/41 MP: 3/3
  1450 | D:2      | Found a shadowy altar of Dithmenos.
  1514 | D:3      | Reached XP level 5. HP: 47/47 MP: 4/4
  1836 | D:3      | Reached skill level 5 in Armour
  2145 | D:4      | Got a bloodstained whip
  2146 | D:4      | Identified the +8 whip of Inquiry {antimagic, rC- Str+2 Int+3} (You found it on level 4 of the Dungeon)
  2315 | D:4      | Got a transparent hunting sling
  2316 | D:4      | Identified the +6 hunting sling of the Eternal Warrior {flame, Int+4} (You found it on level 4 of the Dungeon)
  2517 | D:4      | Reached skill level 5 in Shields
  2751 | D:5      | Entered Level 5 of the Dungeon
  2808 | D:5      | Reached XP level 6. HP: 53/53 MP: 1/5
  2815 | D:5      | Noticed a sky beast
  2826 | D:5      | Killed a sky beast
  2933 | D:5      | Noticed a centaur
  2944 | D:5      | Killed a centaur
  3035 | D:5      | Reached skill level 1 in Throwing
  3035 | D:5      | Reached skill level 6 in Armour
  3035 | D:5      | Reached XP level 7. HP: 60/60 MP: 2/6
  3038 | D:5      | Found a white marble altar of Elyvilon.
  3137 | D:5      | Got a brightly glowing scale mail
  3150 | D:5      | Identified the +3 scale mail of the Doge {+Inv Str+3 Dex-3} (You found it on level 5 of the Dungeon)
  3265 | D:5      | Reached skill level 5 in Fighting
  3281 | D:5      | Reached skill level 5 in Maces & Flails
  3352 | D:5      | Found Qetyatt's Armour Shoppe.
  3643 | D:5      | Found a snail-covered altar of Cheibriados.
  4102 | D:6      | Reached XP level 8. HP: 64/68 MP: 2/7
  4172 | D:6      | Reached skill level 7 in Armour
  4196 | D:6      | Reached skill level 1 in Slings
  4461 | D:6      | Found a shattered altar of Ashenzari.
  4720 | D:7      | Reached skill level 5 in Dodging
  4724 | D:7      | Reached XP level 9. HP: 7/75 MP: 2/8
  4727 | D:7      | Killed from afar by an orc priest

Action                   |  1- 3 |  4- 6 |  7- 9 || total
-------------------------+-------+-------+-------++-------
Melee: Flail             |    84 |    76 |       ||   160
       Whip              |       |    56 |   178 ||   234
 Fire: Hunting sling     |       |       |    11 ||    11
Throw: Tomahawk          |     2 |    12 |    10 ||    24
       Javelin           |       |     2 |       ||     2
  Use: Scroll            |     2 |       |       ||     2
       Potion            |       |       |     8 ||     8
  Eat: Chunk             |       |     6 |     6 ||    12
